 Dungeon Crawl Stone Soup version 0.30.1-4-g462c640d31 (webtiles) character file.

Game seed: 3652277997032049942

10891 Zeor the Destroyer (level 11, 0/64 HPs)
             Began as a Deep Elf Conjurer on Sept 12, 2023.
             Was a Believer of Vehumet.
             Slain by a cane toad (19 damage)
             ... on level 1 of the Lair of Beasts.
             The game lasted 00:32:51 (8557 turns).

Zeor the Destroyer (Deep Elf Conjurer)              Turns: 8557, Time: 00:32:52

Health: 0/64       AC:  7    Str:  4    XL:     11   Next: 42%
Magic:  5/37       EV: 15    Int: 28    God:    Vehumet [**....]
Gold:   381        SH:  0    Dex: 13    Spells: 11/33 levels left

rFire   + . .        a - +3 long sword (vamp)
rCold   + . .        (no shield)
rNeg    . . .        d - +1 leather armour {rPois}
rPois   +            r - +1 helmet
rElec   .            q - scarf {rC+ rF+}
rCorr   .            (no gloves)
SInv    .            w - +0 pair of boots
Will    +....        (no amulet)
Stlth   +++          n - ring of magical power
HPRegen 0.30/turn    v - ring of wizardry
MPRegen 0.25/turn

%: wizardry (x1)
@: no status effects
A: no striking features
a: Renounce Religion


You were on level 1 of the Lair of Beasts.
You worshipped Vehumet.
Vehumet was pleased with you.
You visited 3 branches of the dungeon, and saw 10 of its levels.

You collected 451 gold pieces.
You spent 70 gold pieces at shops.

Inventory:

Hand Weapons
 a - a +3 vampiric long sword (weapon)
 f - a +1 quarterstaff
 o - a +0 scimitar
 x - a +1 dagger of freezing
Missiles
 y - 5 silver javelins
 z - 3 boomerangs of dispersal
Armour
 d - a +1 leather armour of poison resistance (worn)
 q - a scarf of resistance (worn)
 r - a +1 helmet (worn)
 w - a +0 pair of boots (worn)
Magical Staves
 C - a staff of earth
Jewellery
 n - a ring of magical power (left hand)
 v - a ring of wizardry (right hand)
 A - a ring of resist corrosion
Wands
 p - a wand of digging (8)
 t - a wand of polymorph (22)
Scrolls
 e - 3 scrolls of poison
 g - 2 scrolls of amnesia
 m - 2 scrolls of enchant weapon
 s - 4 scrolls of teleportation
 E - a scroll of blinking
Potions
 b - a potion of magic
 c - 3 potions of curing
 h - 2 potions of heal wounds
 i - 2 potions of lignification
 j - 2 potions of haste
 k - 2 potions of cancellation
 l - a potion of invisibility
 u - 3 potions of brilliance
 B - a potion of attraction
 D - 2 potions of mutation


   Skills:
 + Level 5.6 Fighting
 + Level 4.8 Long Blades
 + Level 3.3 Staves
 + Level 3.7 Armour
 * Level 11.1 Dodging
 + Level 5.0 Stealth
 + Level 11.7 Spellcasting
 * Level 12.1 Conjurations
 + Level 1.1 Translocations
 + Level 1.2 Ice Magic
 + Level 1.0 Air Magic


You had 11 spell levels left.
You knew the following spells:

 Your Spells              Type           Power      Damage    Failure   Level
b - Iskenderun's Mystic   Conj/Tloc      52%        2d11      1%          4
c - Freezing Cloud        Conj/Ice/Air   21%        6-21      9%          5
d - Magic Dart            Conj           100%       1d8       1%          1
f - Dazzling Flash        Conj/Hex       100%       N/A       1%          3
h - Hailstorm             Conj/Ice       52%        3d12      1%          3
p - Fulminant Prism       Conj/Hex       25%        3d14      1%          4
r - Searing Ray           Conj           100%       2d8       1%          2

Your spell library contained the following spells:

 Spells                   Type           Power      Damage    Failure   Level
 Scorch                   Fire           32%        2d6       3%          2
 Freeze                   Ice            92%        1d9       1%          1
 Static Discharge         Conj/Air       100%       2-7/arc   1%          2
 Summon Small Mammal      Summ           64%        N/A       2%          1
 Cigotuvi's Dreadful Rot  Necr/Pois/Air  36%        N/A       3%          2
 Frozen Ramparts          Ice            46%        1d7       4%          3
 Call Canine Familiar     Summ           16%        N/A       7%          3
 Ignite Poison            Fire/Tmut/Pois 16%        N/A       7%          3
 Summon Guardian Golem    Hex/Summ       16%        N/A       7%          3
 Airstrike                Air            10%        2d(2-18)  16%         4
 Summon Lightning Spire   Summ/Air       19%        N/A       17%         4


Dungeon Overview and Level Annotations

Branches:
Dungeon (8/15)             Temple (1/1) D:7            Lair (1/5) D:8

Altars:
Ashenzari
Cheibriados
Dithmenos
Fedhas
Gozag
Kikubaaqudgha
Makhleb
Nemelex Xobeh
Okawaru
Qazlal
Ru
Sif Muna
Trog
Vehumet
Wu Jian
Xom
Yredelemnul

Shops:
D:1 (   D:2 !   D:3 =

Annotations:
Temple 2 transporters


Message History

Casting: Freezing Cloud (dangerous; 9% risk of failure)
Confirm with . or Enter, or press ? or * to list all spells.
You erupt in a blast of force!
The mystic blast hits the black mamba!
The black mamba is severely wounded.
The black mamba is knocked back by the mystic blast.
Casting: Iskenderun's Mystic Blast (dangerous; 1% risk of failure)
Confirm with . or Enter, or press ? or * to list all spells.
Aiming: Searing Ray (safe; 1% risk of failure)
Press: ? - help, Shift-Dir - straight line, f - black mamba
Aim: a black mamba (severely wounded, slow, 72% to hit)
The searing ray misses the black mamba. (Press . to maintain the ray.)
The searing ray hits the black mamba!
The black mamba is almost dead.
The searing ray hits the black mamba!
You kill the black mamba!
Vehumet accepts your kill.
You feel your power returning.
Your Air Magic skill increases to level 1!
You start resting.
A cane toad is nearby!
A cane toad is nearby!
The cane toad croaks.
Casting: Searing Ray (safe; 1% risk of failure)
Confirm with . or Enter, or press ? or * to list all spells.
Aiming: Searing Ray (safe; 1% risk of failure)
Press: ? - help, Shift-Dir - straight line, f - cane toad
Aim: a cane toad (85% to hit)
The searing ray hits the cane toad.
The cane toad is lightly wounded. (Press . to maintain the ray.)
The searing ray hits the cane toad.
The cane toad is lightly wounded.
The searing ray hits the cane toad.
The cane toad is moderately wounded.
The searing ray hits the cane toad!
The cane toad is heavily wounded.
You finish channelling your searing ray.
The cane toad stings you!!
You die...

▒▒∙∙∙▒▒▒▒▒
∙∙∙∙▒∙▒P▒▒
▒∙∙○∙○∙∙∙∙
▒∙∙∙☼∙∙∙∙∙
▒∙∙°$∙∙∙∙∙
▒∙∙†▒
▒○☼∙▒
▒∙○∙▒ ∙∙∙
▒e∙∙▒ ▒∙∙∙
▒F∙)▒
▒∙∙∙▒
▒∙∙∙▒
▒▒∙∙∙∙
▒∙∙∙▒
▒∙∙∙∙∙▒
▒∙∙∙∙∙


∙∙∙∙∙∙∙ ▒∙∙∙∙∙∙ ∙∙∙∙∙∙ ▒∙∙?∙∙∙∙∙ ∙∙∙∙∙∙ ▒∙∙∙▒▒∙▒▒ ▒▒▒▒▒∙ ▒∙∙∙▒ ▒▒ ▒∙ You could
see a cane toad.

Vanquished Creatures
  A two-headed ogre (D:8)
  Sonja (Lair:1)
  A black mamba (Lair:1)
  A cane toad (Lair:1)
  2 komodo dragons (Lair:1)
  5 yaks (D:8)
  A steam dragon (D:8)
  2 wargs (D:8)
  5 water moccasins
  5 orc warriors
  3 black bears
  An ice beast (D:6)
  An ogre (D:7)
  3 wolves (Lair:1)
  2 centaurs (D:8)
  2 phantoms (D:6)
  Blork the orc (D:4)
  6 bullfrogs
  3 scorpions
  3 killer bees (D:8)
  3 howler monkeys
  2 hounds
  2 orc priests
  A sleepcap (D:8)
  A gnoll bouda (D:8)
  Ijyb (D:5)
  5 iguanas
  9 orc wizards
  15 gnolls
  5 adders
  A shadow imp (D:7)
  2 white imps
  An ufetubus (D:6)
  A worm (D:3)
  A dart slug (D:1)
  23 orcs
  5 ball pythons
  9 endoplasms
  3 giant cockroaches
  4 goblins
  7 hobgoblins
  4 jackals (D:2)
  3 quokkas
  6 bats
  2 frilled lizards (D:3)
  A jackal zombie (D:2)
  8 kobolds
  A quokka skeleton (D:2)
  A quokka zombie (D:2)
  5 rats
181 creatures vanquished.

Vanquished Creatures (others)
  A fulminant prism (Lair:1)
1 creature vanquished.

Grand Total: 182 creatures vanquished

Notes
Turn   | Place    | Note
-------+----------+-------------------------------------------
     0 | D:1      | Zeor the Deep Elf Conjurer began the quest for the Orb.
     0 | D:1      | Reached XP level 1. HP: 10/10 MP: 6/6
   310 | D:1      | Reached XP level 2. HP: 15/15 MP: 6/8
   313 | D:1      | Learned a level 2 spell: Searing Ray
   468 | D:1      | Found Geppireaq's Weapon Emporium.
   919 | D:1      | Reached skill level 5 in Conjurations
  1194 | D:2      | Found a faded altar of an unknown god.
  1199 | D:2      | Reached XP level 3. HP: 19/19 MP: 6/9
  1203 | D:2      | Learned a level 3 spell: Dazzling Flash
  1320 | D:2      | Reached XP level 4. HP: 24/24 MP: 0/11
  1802 | D:2      | Found Doxuedd's Distillery.
  1810 | D:2      | Bought a potion of heal wounds for 70 gold pieces
  2945 | D:3      | Reached XP level 5. HP: 24/28 MP: 12/12
  2952 | D:3      | Learned a level 4 spell: Iskenderun's Mystic Blast
  3037 | D:3      | Found Erimm's Jewellery Emporium.
  3138 | D:3      | Reached skill level 6 in Conjurations
  3234 | D:4      | Noticed a black bear
  3241 | D:4      | Killed a black bear
  3368 | D:4      | Reached XP level 6. HP: 32/32 MP: 14/14
  3484 | D:4      | Learned a level 3 spell: Hailstorm
  3631 | D:4      | Noticed an orc warrior
  3835 | D:4      | Noticed Blork the orc
  3858 | D:4      | Killed Blork the orc
  4095 | D:5      | Entered Level 5 of the Dungeon
  4101 | D:5      | Reached skill level 5 in Spellcasting
  4101 | D:5      | Reached skill level 7 in Conjurations
  4228 | D:5      | Reached XP level 7. HP: 37/37 MP: 17/17
  4400 | D:5      | Reached skill level 5 in Dodging
  4531 | D:5      | Noticed Ijyb
  4555 | D:5      | Killed Ijyb
  4597 | D:5      | Reached skill level 1 in Armour
  4940 | D:6      | Reached XP level 8. HP: 42/42 MP: 19/19
  4998 | D:6      | Reached skill level 8 in Conjurations
  5128 | D:6      | Reached skill level 1 in Fighting
  5272 | D:6      | Reached skill level 1 in Staves
  5467 | D:6      | Reached skill level 9 in Conjurations
  5467 | D:6      | Reached XP level 9. HP: 52/52 MP: 24/24
  5468 | D:6      | Reached skill level 5 in Fighting
  5468 | D:6      | Reached skill level 10 in Dodging
  5468 | D:6      | Reached skill level 10 in Spellcasting
  5468 | D:6      | Reached skill level 11 in Conjurations
  5468 | D:6      | Reached XP level 10. HP: 59/59 MP: 26/26
  5779 | D:7      | Found a staircase to the Ecumenical Temple.
  5859 | Temple   | Entered the Ecumenical Temple
  5859 | Temple   | Found a transporter.
  5859 | Temple   | Found a transporter.
  5866 | Temple   | Learned a level 5 spell: Freezing Cloud
  5867 | Temple   | Found a transporter.
  5867 | Temple   | Found a transporter.
  5878 | Temple   | Became a worshipper of Vehumet
  6256 | D:7      | Found a snail-covered altar of Cheibriados.
  6256 | D:7      | Found a shimmering blue altar of Sif Muna.
  6256 | D:7      | Found an iron altar of Okawaru.
  6952 | D:8      | Reached * piety under Vehumet
  6952 | D:8      | Offered knowledge of Foxfire by Vehumet.
  7085 | D:8      | Noticed a two-headed ogre
  7093 | D:8      | Killed a two-headed ogre
  7343 | D:8      | Found a sacrificial altar of Ru.
  7474 | D:8      | Found a staircase to the Lair.
  7499 | D:8      | Reached XP level 11. HP: 27/64 MP: 18/28
  7991 | Lair:1   | Entered Level 1 of the Lair of Beasts
  8004 | Lair:1   | Reached ** piety under Vehumet
  8005 | Lair:1   | Reached skill level 5 in Stealth
  8005 | Lair:1   | Reached skill level 1 in Ice Magic
  8234 | Lair:1   | Learned a level 4 spell: Fulminant Prism
  8267 | Lair:1   | Reached skill level 12 in Conjurations
  8493 | Lair:1   | Noticed Sonja
  8506 | Lair:1   | Killed Sonja
  8507 | Lair:1   | Reached skill level 1 in Translocations
  8511 | Lair:1   | Offered knowledge of Scorch by Vehumet.
  8548 | Lair:1   | Reached skill level 1 in Air Magic
  8557 | Lair:1   | Slain by a cane toad

Illustrated notes

Levels and vault maps discovered:
D:1:      dpeg_arrival_arbitrary_a, layout_basic, serial_shops, shop
D:2:      layout_loops_corners, ebering_ecumenical_altar_abandoned,
          serial_shops, shop, serial_undead, serial_undead_d, serial_undead_f,
          serial_undead_a, serial_undead_b, serial_undead_b, serial_undead_c
D:3:      layout_loops_ring, serial_shops, shop
D:4:      layout_basic, uniq_blork_the_orc
D:5:      layout_rooms, uniq_ijyb
D:6:      layout_loops_ring, serial_glass, glass_columns_c, glass_columns_b,
          glass_columns_a, glass_columns_b, glass_columns_b, glass_columns_b
D:7:      layout_rooms, gammafunk_temple_overflow_claw,
          minmay_temple_entry_offerings, minmay_misc_feat_nine_boxes,
          hangedman_minor_gate_pass
D:8:      layout_basic, nicolae_ru_the_path_less_chosen,
          erik_lair_orcish_takeover
Temple:   hellmonk_temple_divided_pantheon
Lair:1:   layout_long_grid, uniq_sonja, uniq_harold

Skill      XL: |  1  2  3  4  5  6  7  8  9 10 11 |
---------------+----------------------------------+-----
Conjurations   | 5 6 7 9 11 12 | 12.1
Dodging        | 3 4 5 8 10 11 | 11.1
Spellcasting   | 4 5 6 9 10 11 | 11.7
Stealth        | 3 4 5 |  5.0
Armour         | 1 3 |  3.7
Fighting       | 4 5 |  5.6
Staves         | 3 |  3.3
Long Blades    | 4 |  4.8
Ice Magic      | 1 |  1.2
Translocations | 1 |  1.1
Air Magic      | 1 |  1.0

Action                     |  1- 3 |  4- 6 |  7- 9 | 10-12 || total
---------------------------+-------+-------+-------+-------++-------
  Melee: Quarterstaff      |     4 |     5 |       |       ||     9
         Long sword        |       |     1 |     3 |    39 ||    43
         Punch             |       |       |       |     2 ||     2
   Cast: Magic Dart        |    33 |    25 |    11 |     2 ||    71
         Searing Ray       |     9 |    34 |    22 |    50 ||   115
         Dazzling Flash    |       |     1 |       |     1 ||     2
         Hailstorm         |       |       |     1 |     7 ||     8
         Iskenderun's Myst |       |       |       |    20 ||    20
         Freezing Cloud    |       |       |       |     7 ||     7
         Fulminant Prism   |       |       |       |     1 ||     1
    Use: Scroll            |     7 |     9 |     2 |     5 ||    23
         Potion            |       |       |     3 |     2 ||     5
   Stab: Sleeping          |     1 |       |     1 |     2 ||     4
 Armour: Robe              |     1 |     4 |       |       ||     5
         Skin              |       |       |     3 |       ||     3
         Leather armour    |       |       |     4 |    21 ||    25
  Dodge: Dodged            |     7 |    15 |    11 |    83 ||   116
